 Dungeon Crawl Stone Soup version 0.31.0-1-g2c135a008e (webtiles) character file.

Game seed: 5187838995490802728

54 qw the Shooter (level 4, -4/34 HPs)
             Began as a Djinni Hunter on Jan 23, 2024.
             Shot with an arrow by a centaur (10 damage)
             ... on level 3 of the Dungeon.
             The game lasted 00:00:04 (1193 turns).

qw the Shooter (Djinni Hunter)                      Turns: 1193, Time: 00:00:04

Health: -4/34      AC:  4    Str: 10    XL:     4   Next: 12%
Gold:   98         EV: 12    Int: 10    God:
                   SH:  0    Dex: 19

rFire   + + .        a - +0 shortbow
rCold   . . .        (shield currently unavailable)
rNeg    . . .        h - +0 leather armour {rC+}
rPois   inf          (no helmet)
rElec   .            (no cloak)
rCorr   .            g - +0 pair of gloves
SInv    .            (boots unavailable)
Will    .....        (no amulet)
Stlth   ++           (no ring)
HPRegen 0.25/turn    (no ring)
MPRegen 0.00/turn

%: infuse magic (-5 HP)
@: flying
A: sickness immunity, fire resistance 2, cold vulnerability 1, float, innate
caster, HP casting, extra vitality 1
a: no special abilities


You were on level 3 of the Dungeon.
You visited 1 branch of the dungeon, and saw 3 of its levels.

You collected 98 gold pieces.


Innate Abilities, Weirdness & Mutations

You are immune to sickness and miasma.
You are immune to poison.
Your flesh is very heat resistant. (rF++)
You are vulnerable to cold. (rC-)
You float through the air rather than walking.
You learn spells naturally, not from books.
Your magical power is your life essence.
You have superior vitality. (+4 MHP)


   Skills:
 + Level 2.6 Fighting
 - Level 4.0 Ranged Weapons
 - Level 1.2 Armour
 - Level 2.1 Dodging
 - Level 0.7 Stealth


You knew the following spells:

 Your Spells              Type           Power      Damage    Failure   Level
a - Slow                  Hex            0%         N/A       45%         1
Your spell library was empty.

Inventory:

Hand Weapons
 a - a +0 shortbow (weapon)
Armour
 f - a +0 ring mail
 g - a +0 pair of gloves (worn)
 h - a +0 leather armour of cold resistance (worn)
Scrolls
 b - a scroll of identify
Potions
 d - a potion of curing
 k - a potion of lignification {unknown}

Dungeon Overview and Level Annotations

Branches:
Dungeon (3/15)

Altars:


Message History

You shoot an arrow. The arrow hits the endoplasm.
The endoplasm is heavily wounded.
You shoot an arrow. The arrow hits the endoplasm.
You kill the endoplasm!
An orc comes into view. It is wielding a +0 flail.
You shoot an arrow. The arrow hits the orc.
You kill the orc!
A hobgoblin comes into view.
You shoot an arrow.
The arrow completely misses the hobgoblin.
You shoot an arrow. The arrow barely misses the hobgoblin.
The hobgoblin shouts!
You shoot an arrow. The arrow hits the hobgoblin.
The hobgoblin is moderately wounded.
You shoot an arrow. The arrow hits the hobgoblin.
The hobgoblin is severely wounded.
You shoot an arrow. The arrow hits the hobgoblin.
You kill the hobgoblin!
b - a scroll of identify A centaur comes into view.
The centaur shouts!
The centaur wields a +0 orcbow.
The centaur shoots an arrow.
The arrow closely misses you.
You shoot an arrow. The arrow hits the centaur.
The centaur is lightly wounded.
The centaur shoots an arrow.
The arrow hits you!
The centaur shoots an arrow.
The arrow barely misses you.
You shoot an arrow. The arrow hits the centaur.
The centaur is lightly wounded.
The centaur shoots an arrow.
The arrow hits you!
You shoot an arrow. The arrow hits the centaur!
The centaur is heavily wounded.
The centaur shoots an arrow.
The arrow misses you.
You shoot an arrow. The arrow barely misses the centaur.
The centaur shoots an arrow.
The arrow hits you!
1193 ||| DRINKING potion of heal wounds.
You feel much better.
The centaur shoots an arrow.
The arrow hits you!
The centaur shoots an arrow.
The arrow hits you!
You die...

#.....##### #.....#
#.........# .......##
#.........# ........#
###.........# ........#
#...........# ........#
#.#........)#
......^.####.#...###.###
..................##.#
..c.!..@...........#.#
.............#####.#.#
..........#### .#.#
........### #.#
.......## ###.# ......#
#...# #..... #.#.###
...### ##.....# #.......


You could see a centaur.

Vanquished Creatures
  An adder (D:2)
  A ribbon worm (D:2)
  An orc (D:3)
  2 ball pythons
  6 endoplasms
  4 giant cockroaches (D:2)
  8 hobgoblins
  2 kobolds
  A bat (D:2)
  3 frilled lizards
  5 goblins
  3 rats
37 creatures vanquished.

Notes
Turn   | Place    | Note
-------+----------+-------------------------------------------
     0 | D:1      | qw the Djinni Hunter began the quest for the Orb.
     0 | D:1      | Reached XP level 1. HP: 18/18 MP: 0/0
     0 | D:1      | 0 ||| qw: Version: 0.3-a-136-gdd3b4e8
     0 | D:1      | 0 ||| qw: Game counter: 986
     0 | D:1      | 0 ||| qw: Melee chars always use a shield: true
     0 | D:1      | 0 ||| qw: God list: Okawaru
     0 | D:1      | 0 ||| qw: Allow faded altars: false
     0 | D:1      | 0 ||| qw: Do Orc after clearing Dungeon:15 true
     0 | D:1      | 0 ||| qw: Do second Lair branch before Depths: true
     0 | D:1      | 0 ||| qw: Lair rune preference: random
     0 | D:1      | 0 ||| qw: Goals: Normal
     0 | D:1      | 0 ||| PLANNING D:1-11
   113 | D:1      | Reached XP level 2. HP: 23/23 MP: 0/0
   643 | D:1      | 643 ||| UPGRADING to +0 ring mail.
   653 | D:1      | 653 ||| DROPPING +0 leather armour.
   654 | D:1      | 654 ||| UPGRADING to +0 pair of gloves.
   659 | D:1      | 659 ||| READING scroll labelled YFREIPR NUES.
   659 | D:1      | 659 ||| IDENTIFYING fuming brown potion
   660 | D:1      | 660 ||| DRINKING 2 white potions.
   661 | D:1      | 661 ||| DROPPING scroll of butterflies.
   744 | D:2      | Reached skill level 1 in Armour
   744 | D:2      | Reached XP level 3. HP: 27/28 MP: 0/0
   744 | D:2      | Learned a level 1 spell: Slow
   813 | D:2      | Reached skill level 4 in Ranged Weapons
  1084 | D:2      | Reached XP level 4. HP: 34/34 MP: 0/0
  1114 | D:2      | 1114 ||| UPGRADING to +0 leather armour of cold resistance.
  1124 | D:2      | 1124 ||| READING 2 scrolls of identify.
  1124 | D:2      | 1124 ||| IDENTIFYING metallic silvery potion
  1125 | D:2      | 1125 ||| READING scroll of identify.
  1125 | D:2      | 1125 ||| IDENTIFYING bubbling amethyst potion
  1126 | D:2      | 1126 ||| READING scroll labelled DUSMI XEHIEXTO.
  1127 | D:2      | 1127 ||| DROPPING potion of brilliance.
  1128 | D:2      | 1128 ||| DROPPING potion of attraction.
  1188 | D:3      | Noticed a centaur
  1192 | D:3      | HP: 3/34 [centaur/arrow (7)]
  1193 | D:3      | 1193 ||| DRINKING potion of heal wounds.
  1193 | D:3      | Shot with an arrow by a centaur

Levels and vault maps discovered:
D:1:      mrwooster_arrival_statue_3, layout_loops_cross,
          grunt_decor_mini_mirrors, minmay_door_square, minmay_octomino_e4
D:2:      layout_basic
D:3:      minmay_evil_eye, layout_rooms, chequers_serial_rivers_room_a,
          st_stairs_11, hangedman_abyss_or_decor_stabs

Skill      XL: |  1  2  3 |
---------------+----------+-----
Armour         | 1 |  1.2
Ranged Weapons | 4 |  4.0
Fighting       | |  2.6
Dodging        | |  2.1
Stealth        | |  0.7

Action                     |  1- 3 |  4- 6 || total
---------------------------+-------+-------++-------
   Fire: Shortbow          |    84 |    17 ||   101
    Use: Scroll            |     1 |     3 ||     4
         Potion            |     1 |     1 ||     2
 Armour: Leather armour    |     6 |     5 ||    11
         Ring mail         |    13 |     2 ||    15
  Dodge: Dodged            |    24 |     5 ||    29

Table legend:
 A = Non-vault XP
 B = Vault XP
 C = Vault XP percentage of total XP
 D = Non-vault monster count
 E = Vault monster count
 F = Vault count percentage of total count
                 A         B        C        D         E       F
            +---------+---------+-------+---------+---------+-------
      Total |      75 |       3 |   3.8 |      35 |       2 |   5.4
            +---------+---------+-------+---------+---------+-------
        D:1 |      17 |       3 |  15.0 |      10 |       2 |  16.7
        D:2 |      50 |       0 |   0.0 |      21 |       0 |   0.0
        D:3 |       8 |       0 |   0.0 |       4 |       0 |   0.0
            +---------+---------+-------+---------+---------+-------
